 Dungeon Crawl Stone Soup version 0.21.1-1-g345015fe64 (webtiles) character file.

262 Gargoyl the Skirmisher (level 5, -10/46 HPs)
             Began as a Centaur Abyssal Knight on June 26, 2018.
             Was a Believer of Lugonu.
             Killed by nerve-wracking pain
             ... invoked by gorpus's ghost
              (12 damage)
             ... on level 3 of the Dungeon.
             The game lasted 00:04:59 (2419 turns).

Gargoyl the Skirmisher (Centaur Abyssal Knight)     Turns: 2419, Time: 00:04:59

Health: -10/46     AC:  7    Str: 15    XL:     5   Next: 97%
Magic:  7/7        EV:  8    Int: 11    God:    Lugonu [**....]
Gold:   123        SH:  0    Dex:  9    Spells: 4/4 levels left

rFire    . . .     SeeInvis .   a - +1 hand axe
rCold    . . .     Gourm    .   (no shield)
rNeg     . . .     Faith    .   t - +0 ring mail
rPois    .         Spirit   .   (no helmet)
rElec    .         Reflect  .   e - +0 cloak
rCorr    .         Harm     .   (no gloves)
MR       .....                  (no barding)
Stlth    ..........             (no amulet)
HPRegen  0.15/turn              (no ring)
MPRegen  0.10/turn              (no ring)

@: very quick
A: large, hooves 3, deformed body, speed 2, tough skin 3
a: Depart the Abyss, Bend Space, Renounce Religion


You were on level 3 of the Dungeon.
You worshipped Lugonu.
Lugonu was pleased with you.
You were hungry.

You visited 1 branch of the dungeon, and saw 4 of its levels.
You visited the Abyss 1 time.

You collected 123 gold pieces.

Inventory:

Hand Weapons
 a - a +1 hand axe (weapon)
Armour
 e - a +0 cloak (worn)
 t - a +0 ring mail (worn)
Wands
 o - a wand of iceblast (6)
 p - a wand of disintegration (11)
 q - a wand of clouds (3)
Scrolls
 g - 3 scrolls of remove curse
 h - 3 scrolls of amnesia
 i - 6 scrolls of teleportation
 k - a scroll of identify
 l - 2 scrolls of fog
Potions
 j - 2 potions of invisibility
 n - a potion of curing {unknown}
 r - a potion of brilliance {unknown}
 s - a potion of degeneration
Comestibles
 c - 6 rations


   Skills:
 + Level 4.0 Fighting
 + Level 3.3 Axes
 * Level 2.8 Armour
 + Level 1.2 Dodging
 * Level 3.1 Invocations


You had 4 spell levels left.
You didn't know any spells.

Dungeon Overview and Level Annotations

Branches:
Dungeon (4/15)
 Temple: D:4-7

Altars:
Fedhas
Kikubaaqudgha
Xom

Annotations:
D:3 gorpus's ghost, weakling OpNe


Innate Abilities, Weirdness & Mutations

You have hooves in place of feet.
Armour fits poorly on your strangely shaped body.
You cover ground very quickly.
You have extremely tough skin. (AC +3)


Message History

The frilled lizard barely misses you. Gorpus's ghost hits you.
Unknown command.
You hit gorpus's ghost.
Gorpus's ghost is severely damaged.
You hit the frilled lizard.
You kill the frilled lizard!
Lugonu accepts your kill.
Gorpus's ghost stares at you and mumbles some strange words.
Pain shoots through your body!
* * * LOW HITPOINT WARNING * * *
You hit gorpus's ghost. Your kick misses gorpus's ghost.
Gorpus's ghost is almost destroyed.
Gorpus's ghost stares at you and mumbles some strange words.
Pain shoots through your body!
* * * LOW HITPOINT WARNING * * *
You barely miss gorpus's ghost.
Gorpus's ghost is almost destroyed.
Gorpus's ghost stares at you and mumbles some strange words.
Pain shoots through your body!
You die...

..... .....#####....#
bl....≈. ....#
#######≈≈≈≈...#...+
........≈_≈≈#.#...#
........≈≈≈≈# ....#
.......≈.≈..###...######
.............$..........
...........##...@W......
...........##...))......
...........##...........
...........##....<......
...........##...........
.......)...##...........
.......÷<..##...........
...........##...........
...........#


You could see gorpus's ghost.

Vanquished Creatures
  An ogre (D:4)
  A crimson imp (D:2)
  A hound (D:4)
  6 adders
  An ufetubus (Abyss:1)
  2 oozes (D:1)
  2 worms
  A dart slug (D:2)
  A leopard gecko (D:1)
  3 giant cockroaches
  4 hobgoblins
  3 kobolds
  2 bats
  A frilled lizard (D:3)
  8 goblins
  6 rats
43 creatures vanquished.

Notes
Turn   | Place    | Note
-------+----------+-------------------------------------------
     0 | Abyss:1  | Gargoyl the Centaur Abyssal Knight began the quest for the Orb.
     0 | Abyss:1  | Reached XP level 1. HP: 19/19 MP: 2/2
   107 | Abyss:1  | Found a corrupted altar of Lugonu.
   213 | Abyss:1  | Found a corrupted altar of Lugonu.
   246 | Abyss:1  | Noticed a large abomination
   264 | Abyss:1  | Noticed a hell hound
   266 | Abyss:1  | Noticed a wretched star
   266 | Abyss:1  | Noticed a tentacled starspawn
   267 | D:1      | Escaped the Abyss
   293 | D:1      | Noticed an electric eel
   377 | D:1      | Reached * piety under Lugonu
   377 | D:1      | Reached XP level 2. HP: 13/26 MP: 3/3
  1005 | D:2      | Reached XP level 3. HP: 29/31 MP: 4/4
  1392 | D:2      | Found an ancient bone altar of Kikubaaqudgha.
  1443 | D:2      | Reached XP level 4. HP: 36/40 MP: 5/5
  1526 | D:2      | Found a shimmering altar of Xom.
  1526 | D:2      | Found a shimmering altar of Xom.
  1527 | D:2      | Found a shimmering altar of Xom.
  1529 | D:2      | Found a shimmering altar of Xom.
  1718 | D:2      | Reached skill level 1 in Dodging
  1974 | D:4      | Noticed an ogre
  1976 | D:4      | Killed an ogre
  1976 | D:4      | Reached skill level 4 in Fighting
  1976 | D:4      | Reached XP level 5. HP: 46/46 MP: 7/7
  2101 | D:3      | Found a blossoming altar of Fedhas.
  2404 | D:3      | Noticed gorpus's ghost (weakling OpNe)
  2411 | D:3      | Reached ** piety under Lugonu
  2418 | D:3      | HP: 2/46 [gorpus's ghost/nerve-wracking pain (6)]
  2419 | D:3      | Killed from afar by gorpus's ghost

Skill      XL: |  1  2  3  4 |
---------------+-------------+-----
Axes           | 2 3 |  3.3
Dodging        | 1 |  1.2
Armour         | 2 |  2.8
Fighting       | 4 |  4.0
Invocations    | 3 |  3.1

Action                   |  1- 3 |  4- 6 || total
-------------------------+-------+-------++-------
Melee: Hand axe          |    77 |    75 ||   152
       Kick              |     8 |    12 ||    20
Invok: Depart the Abyss  |     1 |       ||     1
Evoke: Wand              |       |     2 ||     2
  Use: Scroll            |     5 |     4 ||     9
       Potion            |     1 |     2 ||     3
  Eat: Chunk             |       |     3 ||     3
Armor: Leather armour    |    43 |    15 ||    58
       Ring mail         |       |    26 ||    26
Dodge: Dodged            |    35 |    45 ||    80
